 Dungeon Crawl Stone Soup version 0.27.0-1-g7a089689b8 (webtiles) character file.

Game seed: 17444409312918133738

43 Crazydiamond the Insei (level 3, -3/23 HPs)
             Began as an Octopode Transmuter on Aug 16, 2021.
             Shot with a stone by a goblin (7 damage)
             ... led by Robin
             ... on level 2 of the Dungeon.
             The game lasted 00:01:55 (1464 turns).

Crazydiamond the Insei (Octopode Transmuter)        Turns: 1464, Time: 00:01:55

Health: -3/23      AC:  1    Str: 10    XL:     3   Next: 58%
Magic:  6/6        EV: 13    Int: 15    God:
Gold:   92         SH:  0    Dex: 12    Spells: 5/6 levels left

rFire    . . .     SeeInvis .     - Unarmed
rCold    . . .     Faith    .   (no shield)
rNeg     . . .     Spirit   .   (helmet restricted)
rPois    .         Reflect  .   (no amulet)
rElec    .         Harm     .   (no ring)
rCorr    .         Rampage  .   (no ring)
Will     .....                  (no ring)
Stlth    +++.......             (no ring)
HPRegen  0.07/turn              (no ring)
MPRegen  0.10/turn              (no ring)
                                (no ring)
                                (no ring)

@: no status effects
A: almost no armour, amphibious, 8 rings, camouflage 1, gelatinous body 1,
nimble swimmer 1, tentacles
a: no special abilities


You were on level 2 of the Dungeon.
You visited 1 branch of the dungeon, and saw 2 of its levels.

You collected 92 gold pieces.

Inventory:

Missiles
 e - 15 poisoned darts (quivered)
Scrolls
 a - a scroll of vulnerability {unknown}
 f - a scroll of noise {unknown}
Potions
 b - a potion of curing {unknown}
 c - a potion of magic {unknown}
 d - a potion of cancellation {unknown}


   Skills:
 + Level 1.0 Fighting
 + Level 2.1 Dodging
 + Level 3.9 Unarmed Combat
 + Level 2.2 Spellcasting
 + Level 2.4 Transmutations


You had 5 spell levels left.
You knew the following spells:

 Your Spells              Type           Power      Damage    Failure   Level
a - Beastly Appendage     Tmut           16%        N/A       9%          1

Your spell library contained the following spells:

 Spells                   Type           Power      Damage    Failure   Level
 Wereblood                Tmut           8%         N/A       12%         2
 Spider Form              Tmut/Pois      2%         N/A       36%         3
 Ice Form                 Ice/Tmut       5%         N/A       78%         4


Dungeon Overview and Level Annotations

Branches:
Dungeon (2/15)

Altars:

Annotations:
D:2 Robin


Innate Abilities, Weirdness & Mutations

You cannot wear most types of armour.
You are amphibious.
You can wear up to eight rings at the same time.
Your skin changes colour to match your surroundings (Stealth+).
Your rubbery body absorbs attacks. (AC +1, EV +1)
You are camouflaged near water. (Stealth+)
You have tentacles for arms and can constrict up to eight enemies at once.


Message History

Robin roars a battlecry!
The goblins go into a battle-frenzy!
You hear a shout!
You tentacle-slap the goblin.
You kill the goblin!
You hear a splash.
You barely miss the goblin. Your grab misses the goblin.
Your squeeze misses the goblin. You tentacle-slap the goblin.
You grab the goblin. You squeeze the goblin.
The goblin is heavily wounded.
You constrict the goblin.
The goblin splashes around in the water.
A goblin comes into view. It is wielding a +0 club.
The goblin unwields a +0 club.
The goblin wields a +0 hunting sling.
The goblin shoots a stone.
The stone closely misses you.
The goblin splashes around in the water.
You tentacle-slap the goblin but do no damage.
You squeeze the goblin.
You kill the goblin!
You hear a splash. x2
A goblin comes into view. It is wielding a +0 club.
Robin throws the goblin at you!
The goblin shouts!
You tentacle-slap the goblin but do no damage.
Your grab misses the goblin. You squeeze the goblin.
You kill the goblin!
You hear a splash.
The goblin shoots a stone.
The stone hits you. The goblin hits you with a +0 club.
Robin roars a battlecry!
The goblin goes into a battle-frenzy!
You hear a shout!
You tentacle-slap the goblin.
You kill the goblin!
You hear a splash.
The goblin shoots a stone.
The stone hits you.
* * * LOW HITPOINT WARNING * * *
The goblin shoots a stone.
The stone closely misses you.
The goblin shoots a stone.
The stone hits you!
You die...

.##..#.###.#
#≈≈≈≈≈##.
......[....# ##≈≈≈≈#
.)......##.# #≈≈≈≈#
..##.#)###.#####≈≈≈≈#
......)........≈≈≈≈≈#
.##.##.######.#≈≈≈≈≈#
.......# #.#≈≈≈≈##
###.#### #.≈≈≈≈≈# #.
####.g≈@≈≈#
#...≈)≈≈≈##
#.##≈≈≈≈≈# # #≈≈≈)##
#.≈gg≈# #g#.#.#
#.#.#.# . ....#
##.#####


You could see Robin and 3 goblins.

Vanquished Creatures
  A dart slug (D:1)
  2 endoplasms
  A giant cockroach (D:1)
  11 goblins
  4 hobgoblins
  3 jackals (D:1)
  A quokka (D:1)
  3 ball pythons (D:1)
  A bat (D:1)
  2 frilled lizards (D:1)
  4 kobolds
  A rat (D:1)
34 creatures vanquished.

Notes
Turn   | Place    | Note
-------+----------+-------------------------------------------
     0 | D:1      | Crazydiamond the Octopode Transmuter began the quest for
                  | the Orb.
     0 | D:1      | Reached XP level 1. HP: 13/13 MP: 3/3
   266 | D:1      | Reached XP level 2. HP: 11/18 MP: 3/5
   972 | D:1      | Reached XP level 3. HP: 9/23 MP: 6/6
  1449 | D:2      | Noticed Robin
  1464 | D:2      | Shot with a stone by a goblin

Illustrated notes

Levels and vault maps discovered:
D:1:      lightli_arrival_lavapool, layout_basic
D:2:      wander_river, layout_loops_cross, hangedman_abyss_or_decor_stabs,
          grunt_decor_resistance, uniq_robin

Action                   || total
-------------------------++-------
Melee: Unarmed           ||    66
       Constrict         ||    19
       Kick              ||     5
       Tentacles         ||    10
       Punch             ||     2
 Cast: Beastly Appendage ||     3
 Stab: Sleeping          ||     4
Armor: Skin              ||     3
Dodge: Dodged            ||    32
